 Dungeon Crawl Stone Soup version 0.30-a0-137-gd8773701ce (webtiles) character file.

Game seed: 8977721431603340536

17 LnG the Caller (level 2, -3/15 HPs)
             Began as a Kobold Summoner on Sept 23, 2022.
             Killed from afar by Natasha (5 damage)
             ... with a magic dart
             ... on level 2 of the Dungeon.
             The game lasted 00:03:11 (1547 turns).

LnG the Caller (Kobold Summoner)                    Turns: 1547, Time: 00:03:12

Health: -3/15      AC:  2    Str:  5    XL:     2   Next: 80%
Magic:  3/5        EV: 15    Int: 16    God:
Gold:   58         SH:  0    Dex: 15    Spells: 3/6 levels left

rFire   . . .      SeeInvis .    k - +0 dagger
rCold   . . .      Faith    .    (no shield)
rNeg    . . .      Spirit   .    a - +0 robe
rPois   .          Reflect  .    (no helmet)
rElec   .          Harm     .    (no cloak)
rCorr   .          Rampage  .    (no gloves)
Will    .....                    (no boots)
Stlth   +++.......               (no amulet)
HPRegen 0.05/turn                h - ring of flight
MPRegen 0.09/turn                (no ring)

@: flying
A: small, no large weapons, nightstalker 3
a: no special abilities


You were on level 2 of the Dungeon.
You visited 1 branch of the dungeon, and saw 2 of its levels.

You collected 58 gold pieces.

Inventory:

Hand Weapons
 k - a +0 dagger (weapon)
Armour
 a - a +0 robe (worn)
Jewellery
 h - a ring of flight (left hand)
Scrolls
 c - 2 scrolls of identify {unknown}
 d - a scroll of noise {unknown}
 e - a scroll of enchant armour {unknown}
 l - a scroll of amnesia {unknown}
Potions
 b - a potion of magic
 f - a potion of brilliance {unknown}
 g - a potion of attraction {unknown}
 i - a potion of mutation {unknown}
 j - a potion of cancellation {unknown}


   Skills:
 + Level 2.7 Dodging
 * Level 3.0 Stealth
 + Level 2.5 Spellcasting
 + Level 4.3 Summonings


You had 3 spell levels left.
You knew the following spells:

 Your Spells              Type           Power      Damage    Failure   Level
a - Summon Small Mammal   Summ           60%        N/A       3%          1
b - Call Imp              Summ           15%        N/A       4%          2

Your spell library contained the following spells:

 Spells                   Type           Power      Damage    Failure   Level
 Call Canine Familiar     Summ           15%        N/A       10%         3
 Magic Dart               Conj           8%         1d3       21%         1
 Summon Guardian Golem    Hex/Summ       8%         N/A       24%         3
 Mephitic Cloud           Conj/Pois/Air  2%         N/A       52%         3
 Summon Lightning Spire   Summ/Air       8%         N/A       63%         4


Dungeon Overview and Level Annotations

Branches:
Dungeon (2/15)

Altars:

Annotations:
D:2 Natasha


Innate Abilities, Weirdness & Mutations

You are small and have problems with some larger weapons.
You are completely attuned to the shadows.


Message History

You strike the helpless jackal from behind!
You hit the jackal.
You kill the jackal!
You start resting.
Your rat disappears in a puff of smoke!
Magic restored.
You start resting.
HP restored.
There is a stone staircase leading down here.
You fly downwards.
There is a stone staircase leading up here.
Key pressed, stopping explore.
Natasha, Servant of Life and Death comes into view.
The helpless Natasha fails to defend herself.
You puncture Natasha!
Natasha is severely wounded.
Natasha closely misses you.
You hit Natasha.
Natasha is severely wounded.
Natasha misses you.
You completely miss Natasha.
Natasha is severely wounded.
Natasha casts a spell at you. The magic dart hits you!
You closely miss Natasha.
Natasha is severely wounded.
Natasha barely misses you.
Casting: Summon Small Mammal (safe; 3% risk of failure)
Confirm with . or Enter, or press ? or * to list all spells.
A metallic apparition takes form in the air.
Natasha barely misses you.
You miss Natasha.
Natasha is severely wounded.
Natasha claws you!
* * * LOW HITPOINT WARNING * * *
You hit Natasha.
Natasha is severely wounded.
Natasha stares at you and mumbles some strange words.
The magic dart hits you.
You die...

######
....>##########
...............
#######.##########
#.............#
#.#####.###.###
#.# #.# #.# #.#
#.# #.# #@# #.#
#.# #h# #.# #.#
5.#####.# #<######
.........#
##...[..
....####..#
#.##### #..# #.#
#.†# #.#
###..####.#
........#.#


You could see Natasha (ally target) and a friendly iron imp (summoned).

Vanquished Creatures
  2 bats
  An endoplasm (D:2)
  2 jackals (D:1)
  A quokka (D:2)
6 creatures vanquished.

Vanquished Creatures (collateral kills)
  2 ball pythons (D:1)
  A goblin (D:2)
  A hobgoblin (D:1)
  2 quokkas (D:1)
  A rat (D:1)
7 creatures vanquished.

Grand Total: 13 creatures vanquished

Notes
Turn   | Place    | Note
-------+----------+-------------------------------------------
     0 | D:1      | LnG the Kobold Summoner began the quest for the Orb.
     0 | D:1      | Reached XP level 1. HP: 10/10 MP: 3/3
   564 | D:1      | Found a faded altar of an unknown god.
   573 | D:1      | Reached XP level 2. HP: 15/15 MP: 1/5
   576 | D:1      | Learned a level 2 spell: Call Imp
  1537 | D:2      | Noticed Natasha
  1547 | D:2      | Killed from afar by Natasha

Illustrated notes

Levels and vault maps discovered:
D:1:      saegor_arrival_simple_d, layout_rooms, basic_ecumenical_altar
D:2:      layout_basic, uniq_natasha

Skill      XL: |  1  2 |
---------------+-------+-----
Stealth        | 3 |  3.0
Dodging        | |  2.7
Spellcasting   | |  2.5
Summonings     | |  4.3

Action                   || total
-------------------------++-------
Melee: Unarmed           ||    23
       Dagger            ||    38
 Cast: Summon Small Mamm ||    17
       Call Imp          ||     3
 Stab: Distracted        ||     2
       Sleeping          ||     2
Armor: Robe              ||    20
Dodge: Dodged            ||    83

Table legend: (Time is in decaauts)
 A = Elapsed time spent in this place.
 B = Non-inter-level travel time spent in this place.
 C = Inter-level travel time spent in this place.
 D = Time resting spent in this place.
 E = Time spent auto-exploring this place.
 F = Levels seen in this place.
 G = Mean time per level.
                   A        B        C        D        E       F      G
               +--------+--------+--------+--------+--------+-----+--------+
         Total |   1547 |   1498 |     49 |    684 |    604 |   2 |  773.5 |
       Dungeon |   1547 |   1498 |     49 |    684 |    604 |   2 |  773.5 |
               +--------+--------+--------+--------+--------+-----+--------+

Top non-repeatable levels by time:
     D:1: 1311 daAuts
     D:2: 235 daAuts
